 Dungeon Crawl Stone Soup version 0.16.0 (webtiles) character file.

26 Sixotanaka the Chopper (level 2, 0/26 HPs)
             Began as a Minotaur Fighter on Mar 17, 2015.
             Slain by an adder (1 damage)
             ... on level 2 of the Dungeon.
             The game lasted 00:01:09 (492 turns).

Sixotanaka the Chopper (Minotaur Fighter)            Turns: 492, Time: 00:01:09

Health: 0/26       AC:  6    Str: 20    XL:     2   Next: 89%
Magic:  1/1        EV:  7    Int:  5    God:
Gold:   25         SH:  9    Dex:  9    Spells: 0 memorised, 1 level left

rFire  . . .     SeeInvis .     a - +0 war axe
rCold  . . .     Clarity  .     b - +0 scale mail
rNeg   . . .     SustAb   .     c - +0 shield
rPois  .         Gourm    .     (helmet restricted)
rElec  .         Spirit   .     (no cloak)
rCorr  .         Warding  .     (no gloves)
rMut   .         Stasis   .     (no boots)
MR     .....                    (no amulet)
Stlth  ..........               (no ring)
                                (no ring)

@: lethally poisoned (0 -> -12), not resistant to hostile enchantments,
extremely unstealthy
A: retaliatory headbutt, horns 2
a: no special abilities


You were on level 2 of the Dungeon.
You were not hungry.

You visited 1 branch of the dungeon, and saw 2 of its levels.

You collected 25 gold pieces.


Innate Abilities, Weirdness & Mutations

You reflexively headbutt those who attack you in melee.
You have a pair of horns on your head.


   Skills:
 - Level 3.6 Fighting
 + Level 4.2 Axes
 - Level 3.6 Armour
 - Level 3.6 Shields


You had one spell level left.
You didn't know any spells.

Dungeon Overview and Level Annotations

Branches:
Dungeon (2/15)

Altars:

Inventory:

Hand weapons
 a - a +0 war axe (weapon)
Armour
 b - a +0 scale mail (worn)
 c - a +0 shield (worn)
Scrolls
 g - a scroll of teleportation {unknown}
 i - a scroll of enchant armour {unknown}
 k - a scroll of noise {unknown}
 l - 2 scrolls of recharging {unknown}
 m - a scroll of immolation {unknown}
 n - a scroll of fog {unknown}
 o - a scroll of identify {unknown}
 q - a scroll of amnesia {unknown}
 r - a scroll of random uselessness {unknown}
Potions
 e - a potion of might
Comestibles
 d - a bread ration
 h - a beef jerky
 p - a slice of pizza

... ... #.#.#
#....##. ....#.#.##
........ ....#.....
#.....g..
.....#####. ..<.>..
....# #. #..... # #.
#...#### #. #.KS†..#
#. ###@.# #)
#....#.#### #######.
#....#....# #.....†.
#.#######.# #.#.....
#....#....###.#.##.#
#.##)#..........##.#
#>...#.######.####.#
####...# #......#
##### ########


You could see an adder, a hobgoblin and a kobold.


Message History

You closely miss the hobgoblin.
The hobgoblin hits you but does no damage.
You block the hobgoblin's attack.
You hit the hobgoblin but do no damage. You block the hobgoblin's attack.
You hit the hobgoblin but do no damage. Your headbutt misses the hobgoblin.
The hobgoblin closely misses you.
You closely miss the hobgoblin. The hobgoblin barely misses you.
You closely miss the hobgoblin. You block the hobgoblin's attack.
The hobgoblin barely misses you.
You hit the hobgoblin but do no damage. The hobgoblin hits you with a club.
You closely miss the hobgoblin. You block the hobgoblin's attack.
You slash the hobgoblin!!
You kill the hobgoblin!
No target in view!
You see here a club.
An adder comes into view.
Found an escape hatch in the ceiling.
Found a stone staircase leading down.
An adder is nearby!
The adder bites you.
You are poisoned.
The adder poisons you!
You hit the adder but do no damage.
You feel sick. The adder bites you.
You are more poisoned.
The adder poisons you! You block the adder's attack.
A jackal comes into view.
You miss the adder.
You feel sick.
The jackal barks!
The adder bites you but does no damage. You block the adder's attack.
A jackal and a kobold come into view.
You closely miss the adder.
The kobold shouts!
You headbutt the adder, but do no damage.
You feel sick. The adder bites you.
You closely miss the adder.
You feel sick. The adder bites you but does no damage.
The adder barely misses you. You furiously retaliate!
You headbutt the adder.
Your shield and scale mail prevent you from hitting the adder.
The adder bites you.
* * * LOW HITPOINT WARNING * * *
You are more poisoned.
The adder poisons you! You block the jackal's attack.
The adder barely misses you.
Your shield prevents you from hitting the adder.
You hit the jackal. x2
You kill the jackal!
You feel sick. The adder bites you but does no damage.
You block the jackal's attack. The adder bites you.
* * * LOW HITPOINT WARNING * * *
You are more poisoned.
The adder poisons you!
The jackal bites you but does no damage.
A hobgoblin comes into view. It is wielding a club.
You hit the adder but do no damage. Your headbutt misses the adder.
You hit the jackal!
You kill the jackal!
* * * LOW HITPOINT WARNING * * *
You feel sick. The adder barely misses you. You furiously retaliate!
You headbutt the adder. The adder bites you but does no damage.
You hit the adder but do no damage.
Your shield prevents you from hitting the kobold.
* * * LOW HITPOINT WARNING * * *
You feel sick. You block the kobold's attack. The adder bites you.
* * * LOW HITPOINT WARNING * * *
The kobold hits you.
* * * LOW HITPOINT WARNING * * *
Drink which item? (? for menu, Esc to quit)
It was a potion of cure mutation.
It has a very clean taste.
* * * LOW HITPOINT WARNING * * *
You feel sick. The adder bites you.
You die...

Action                   || total
-------------------------++-------
Melee: War axe           ||    61
  Use: Potion            ||     1

Vault maps used:
D:1:      dpeg_arrival_windows_large_door

Notes
Turn   | Place    | Note
--------------------------------------------------------------
     0 | D:1      | Sixotanaka, the Minotaur Fighter, began the quest for the Orb.
     0 | D:1      | Reached XP level 1. HP: 19/19 MP: 1/1
    13 | D:1      | Reached skill level 3 in Axes
   140 | D:1      | Reached XP level 2. HP: 24/26 MP: 1/1
   445 | D:2      | Reached skill level 4 in Axes
   491 | D:2      | HP: 6/26 [poisoned by an adder]
   491 | D:2      | HP: 2/26 [adder (4)]
   492 | D:2      | Slain by an adder

Vanquished Creatures
  2 giant cockroaches (D:1)
  4 goblins (D:1)
  3 hobgoblins
  2 jackals (D:2)
  3 kobolds (D:1)
  4 bats
  A giant gecko (D:1)
  A giant newt (D:1)
  4 rats (D:1)
24 creatures vanquished.
